 Dungeon Crawl Stone Soup version 0.28.0-62-gf88900778d (webtiles) character file.

Game seed: 15033735743962845921

81 cbfl8 the Skirmisher (level 4, -1/36 HPs)
             Began as a Demonspawn Berserker on Sept 12, 2023.
             Was a Believer of Trog.
             Slain by a centaur
             ... wielding a staff of poison
              (7 damage)
             ... on level 3 of the Dungeon.
             The game lasted 00:01:34 (1699 turns).

cbfl8 the Skirmisher (Demonspawn Berserker)         Turns: 1699, Time: 00:01:35

Health: -1/36      AC:  7    Str: 17 (18) XL:     4   Next: 19%
Magic:  4/4        EV: 11    Int:  7 (8)  God:    Trog [**....]
Gold:   115        SH:  5    Dex: 17 (20) Spells: 3/3 levels left

rFire   . . .      SeeInvis .   a - +0 hand axe
rCold   . . .      Faith    .   (no shield)
rNeg    . . .      Spirit   .   g - +0 ring mail
rPois   .          Reflect  +   (no helmet)
rElec   .          Harm     .   (no cloak)
rCorr   .          Rampage  .   (no gloves)
Will    ++...                   (no boots)
Stlth   +.........              b - amulet of reflection
HPRegen 1.12/turn               c - +6 ring of dexterity
MPRegen 0.09/turn               (no ring)

@: strong-willed, regenerating
A: hooves 1, molten scales 1, foul stench 1
a: Renounce Religion, Berserk, Trog's Hand


You were on level 3 of the Dungeon.
You worshipped Trog.
Trog was pleased with you.
You visited 1 branch of the dungeon, and saw 3 of its levels.

You collected 115 gold pieces.

Inventory:

Hand Weapons
 a - a +0 hand axe (weapon)
Armour
 g - a +0 ring mail (worn)
Jewellery
 b - an amulet of reflection (around neck)
 c - a +6 ring of dexterity (left hand)
Scrolls
 d - a scroll of teleportation {unknown}
 f - a scroll of blinking {unknown}
 h - a scroll of silence {unknown}
 i - a scroll of identify {unknown}


   Skills:
 + Level 3.6 Fighting
 + Level 3.6 Axes
 + Level 2.1 Armour
 - Level 1.7 Dodging
 + Level 0.3 Shields
 * Level 1.1 Evocations


You had 3 spell levels left.
You didn't know any spells.
Your spell library was empty.

Dungeon Overview and Level Annotations

Branches:
Dungeon (3/15)

Altars:


Innate Abilities, Weirdness & Mutations

You have large cloven feet.
You are partially covered in molten scales. (AC +2)
You may rarely emit foul miasma when damaged in melee.


Message History

You hit the hobgoblin.
The hobgoblin is heavily wounded.
The hobgoblin barely misses you.
A centaur comes into view. It is wielding a staff of poison.
There are monsters nearby!
The centaur shouts!
You hit the hobgoblin.
You kill the hobgoblin!
Trog accepts your kill.
The centaur wields a +2 shortbow of flaming.
It bursts into flame!
The centaur shoots an arrow.
You reflect the arrow off an invisible shield around you!
The arrow hits the centaur!
The arrow burns the centaur.
The centaur shoots an arrow.
The arrow hits you. The arrow burns you.
The centaur shoots an arrow.
The arrow hits you. The arrow burns you.
The centaur shoots an arrow.
The arrow misses you.
The centaur shoots an arrow.
The arrow hits you! The arrow burns you.
You see here a hobgoblin corpse.
The centaur shoots an arrow.
The arrow misses you.
The centaur shoots an arrow.
You reflect the arrow off an invisible shield around you!
The arrow barely misses the centaur.
The centaur shoots an arrow.
The arrow hits you. The arrow burns you.
* * * LOW HITPOINT WARNING * * *
The centaur shoots an arrow.
The arrow hits you.
* * * LOW HITPOINT WARNING * * *
The arrow burns you.
* * * LOW HITPOINT WARNING * * *
You fail to use your ability.
It was a potion of degeneration.
There was something very wrong with that liquid.
You feel weakened.
You feel dopey.
You feel clumsy.
Your skin crawls.
You feel strong-willed.
You hit the centaur.
The centaur is severely wounded.
The centaur unwields a +2 shortbow of flaming.
It stops flaming.
The centaur wields a staff of poison.
The centaur hits you with a staff of poison!
You die...

#####.# #.#..## #
#.[...######.#.#.###
#...................
#.....<.##.#.####.^#
#......###.#.# #..#
#.....## #.#.# #..#
########.#.## #.#.#
#..# ............#
#.#.# #..#
###.c@#..###.#.#
#..# #.###........#
#..# #.# #......#.#
#..#
#.####.#####.####..#
#.##...........)...#
#.##.#.########.####
#†##.#.# #.#
...###c##.#.# #.#
...(..[.)..#.# #.#


You could see a centaur.

Vanquished Creatures
  3 adders
  A worm (D:2)
  A dart slug (D:1)
  2 orcs
  An endoplasm (D:2)
  4 giant cockroaches
  5 goblins
  5 hobgoblins
  3 jackals (D:1)
  A quokka (D:1)
  5 ball pythons
  3 bats (D:1)
  A frilled lizard (D:1)
  5 kobolds
  7 rats
47 creatures vanquished.

Notes
Turn   | Place    | Note
-------+----------+-------------------------------------------
     0 | D:1      | cbfl8 the Demonspawn Berserker began the quest for the Orb.
     0 | D:1      | Reached XP level 1. HP: 18/18 MP: 1/1
    89 | D:1      | Gained mutation: You are partially covered in molten
                  | scales. (AC +2) [demonic ancestry]
    89 | D:1      | Reached XP level 2. HP: 17/24 MP: 2/2
   467 | D:1      | Found a faded altar of an unknown god.
   729 | D:1      | Gained mutation: You have large cloven feet. [demonic
                  | ancestry]
   729 | D:1      | Reached XP level 3. HP: 29/29 MP: 3/3
   851 | D:2      | Reached ** piety under Trog
  1029 | D:2      | Reached skill level 1 in Evocations
  1493 | D:3      | Gained mutation: You may rarely emit foul miasma when
                  | damaged in melee. [demonic ancestry]
  1493 | D:3      | Reached XP level 4. HP: 30/36 MP: 4/4
  1683 | D:3      | Noticed a centaur
  1699 | D:3      | Slain by a centaur

Illustrated notes

Levels and vault maps discovered:
D:1:      dpeg_arrival_lava_temple_mockup, layout_rooms,
          hellmonk_ecumenical_altar_heavens_door, minmay_misc_feat_room
D:2:      layout_basic
D:3:      layout_loops_ring

Skill      XL: |  1  2  3 |
---------------+----------+-----
Axes           | 3 |  3.6
Evocations     | 1 |  1.1
Armour         | 2 |  2.1
Fighting       | |  3.6
Dodging        | |  1.7
Shields        | |  0.3

Action                   |  1- 3 |  4- 6 || total
-------------------------+-------+-------++-------
Melee: Hand axe          |   102 |    12 ||   114
       Kick              |     9 |     3 ||    12
       Punch             |     1 |       ||     1
Invok: Trog's Hand       |       |     1 ||     1
  Use: Potion            |       |     1 ||     1
 Stab: Sleeping          |     1 |       ||     1
Armor: Animal skin       |    34 |       ||    34
       Ring mail         |     2 |     7 ||     9
Dodge: Dodged            |    70 |     6 ||    76
Block: Other             |     5 |     4 ||     9
       Reflection        |       |     2 ||     2
